[Event "ICC tourney 2290 (45 10)"]
[Site "Internet Chess Club"]
[Date "2021.01.09"]
[Round "5"]
[White "Chessking2008"]
[Black "KnightHopper"]
[Result "0-1"]
[ICCResult "White resigns"]
[WhiteElo "2200"]
[BlackElo "1999"]
[Opening "QGD semi-Slav: Meran variation"]
[ECO "D47"]
[NIC "SL.09"]
[Time "22:01:43"]
[PlyCount "132"]
[TimeControl "2700+10"]

1. d4 d5 2. c4 c6 3. e3 Nf6 4. Nc3 e6 5. Nf3 Nbd7 6. Bd3 dxc4 7. Bxc4 b5 8.
Bd3 Bd6 9. O-O O-O 10. Qc2 Bb7 11. e4 e5 12. dxe5 Nxe5 13. Nxe5 Bxe5 14. h3
a6 15. Be3 Bd4 16. Bxd4 Qxd4 17. Rad1 Qb6 18. e5 Ne8 19. Bxh7+ Kh8 20. Be4
Qc5 21. Rfe1 Nc7 22. Qd3 Ne6 23. Qg3 Rfd8 24. Rxd8+ Rxd8 25. Qh4+ Kg8 26.
Bf5 Rd2 27. Ne4 Qxe5 28. Qh7+ Kf8 29. Qh8+ Ke7 30. Bxe6 fxe6 31. Kh1 c5 32.
f4 Qd4 33. Qh4+ Kd7 34. Nxd2 Qxd2 35. Rg1 Qxb2 36. f5 exf5 37. Rd1+ Kc6 38.
Qd8 Qe5 39. a4 Qc7 40. Qg5 Kb6 41. Qxf5 Qc6 42. Qg5 b4 43. Rd2 Qf6 44. Qg3
Ka5 45. Qc7+ Kxa4 46. Rc2 Qf1+ 47. Kh2 Be4 48. Rb2 Qc4 49. Qd7+ Ka3 50. Rd2
b3 51. Qxg7 Qc1 52. Qh6 Qc4 53. Qf6 a5 54. Qa1+ Kb4 55. Rd6 a4 56. Rb6+ Ka5
57. Qf6 Qd4 58. Ra6+ Kb4 59. Rb6+ Ka3 60. Qf4 b2 61. Qf1 c4 62. Qf8+ Ka2
63. Qb4 Qe5+ 64. g3 Qd4 65. Qxa4+ Kb1 66. Rf6 Qd2+ { White resigns } 0-1